 Dungeon Crawl Stone Soup version 0.32-a0-909-gc671339a80 (webtiles) character file.

Game seed: 117793513470457396

452 tilp the Vexing (level 6, 0/46 HPs)
             Began as a Vampire Enchanter on Apr 6, 2024.
             Shot with an arrow by a centaur (9 damage)
             ... on level 5 of the Dungeon.
             The game lasted 00:06:15 (3996 turns).

tilp the Vexing (Vampire Enchanter)                 Turns: 3996, Time: 00:06:16

Health: 0/46       AC:  6    Str:  7    XL:     6   Next: 75%
Magic:  10/10      EV: 11    Int: 19    God:
Gold:   139        SH:  0    Dex: 15    Spells: 2/10 levels left

rFire   . . .        a - +1 dagger
rCold   . . .        (no shield)
rNeg    . . .        x - +0 leather armour
rPois   .            n - +0 helmet
rElec   .            (no cloak)
rCorr   .            t - +0 pair of gloves
SInv    +            q - +0 pair of boots
Will    .....        (no amulet)
Stlth   +++          (no ring)
HPRegen 0.47/turn    (no ring)
MPRegen 0.12/turn

%: no passive effects
@: healing quickly
A: alive, fangs 3, see invisible, vampiric 2
a: Exsanguinate


You were on level 5 of the Dungeon.
You visited 1 branch of the dungeon, and saw 5 of its levels.

You collected 139 gold pieces.

Inventory:

Hand Weapons
 a - a +1 dagger (weapon)
Missiles
 e - 11 boomerangs (quivered)
 j - 2 javelins
 s - 6 poisoned darts
Armour
 n - a +0 helmet (worn)
 q - a +0 pair of boots (worn)
 t - a +0 pair of gloves (worn)
 x - a +0 leather armour (worn)
Wands
 u - a wand of charming (12)
Scrolls
 d - 5 scrolls of fog
 m - a scroll of noise {unknown}
 v - a scroll of revelation {unknown}
 w - a scroll of torment {unknown}
Potions
 c - 2 potions of invisibility
 f - a potion of enlightenment
 g - a potion of ambrosia
 h - a potion of might
 i - 2 potions of mutation
 l - 2 potions of heal wounds
 o - a potion of berserk rage {unknown}
 p - a potion of curing {unknown}
 r - a potion of attraction {unknown}


   Skills:
 * Level 2.5 Fighting
 + Level 2.4(3.2) Short Blades
 * Level 2.8(3.2) Long Blades
 + Level 3.1 Dodging
 + Level 5.5 Stealth
 + Level 2.7 Spellcasting
 * Level 6.1 Hexes
 + Level 1.0 Evocations


You had 2 spell levels left.
You knew the following spells:

 Your Spells              Type           Power      Damage    Failure   Level
a - Ensorcelled Hibernat  Hex/Ice        28%        N/A       10%         2
b - Confusing Touch       Hex            25%        N/A       6%          3
c - Tukima's Dance        Hex            25%        N/A       6%          3

Your spell library contained the following spells:

 Spells                   Type           Power      Damage    Failure   Level
 Scorch                   Fire           4%         2d5       34%         2
 Dazzling Flash           Conj/Hex       28%        N/A       21%         3
 Flame Wave               Conj/Fire      2%         2d4       93%         4
 Summon Cactus Giant      Summ           1%         N/A       100%        6


Dungeon Overview and Level Annotations

Branches:
Dungeon (5/15)
 Temple: D:4-7

Altars:
Makhleb
Qazlal
Trog

Annotations:
D:3 dig vault
D:4 exclusions: orc wizard and 3 more exclusions


Innate Abilities, Weirdness & Mutations

Your natural rate of healing is accelerated.
You have razor-sharp teeth.
You have supernaturally acute eyesight. (SInv)
You are afflicted with vampirism and can become a bat while bloodless.


Message History

Aim: a scorpion (chance to affect: 47%)
The scorpion resists with some effort.
Unknown command.
Casting: Ensorcelled Hibernation (safe; 11% risk of failure)
Confirm with . or Enter, or press ? or * to list all spells.
Aiming: Ensorcelled Hibernation (safe; 11% risk of failure)
Press: ? - help, Shift-Dir - straight line, f/p - scorpion
Aim: a scorpion (chance to affect: 47%)
The scorpion looks drowsy...
Unknown command.
The helpless scorpion fails to defend itself.
You impale the scorpion!!
You kill the scorpion!
Your Evocations skill increases to level 1!
You start resting.
Magic restored.
A centaur comes into view.
A gnoll comes into view. It is wielding a +0 flail.
You throw a boomerang. The gnoll shouts!
The boomerang hits the centaur but does no damage.
The centaur shouts!
You hear a shout!
The centaur wields a +0 shortbow.
The centaur shoots an arrow.
The arrow closely misses you.
The centaur shoots an arrow.
The arrow hits you!
The centaur shoots an arrow.
The arrow hits you.
The centaur shoots an arrow.
The arrow hits you.
You hear a shout!
The centaur shoots an arrow.
The arrow misses you.
The centaur shoots an arrow.
The arrow hits you!
The centaur shoots an arrow.
The arrow hits you!
* * * LOW HITPOINT WARNING * * *
The centaur shoots an arrow.
The arrow hits you.
* * * LOW HITPOINT WARNING * * *
You see here a scorpion corpse.
The centaur shoots an arrow.
The arrow misses you.
The centaur shoots an arrow.
The arrow hits you but does no damage.
The centaur shoots an arrow.
The arrow hits you!
* * * LOW HITPOINT WARNING * * *
The centaur shoots an arrow.
The arrow hits you!
You die...

##†#.###.......####......
##### ##.g..#
#....#.###########
##...###c.####
#.c.#####.........
.........##
#g...#.#######....
.c...#####
#.......####..#..# ..####
#..............##. ###
#.#............##.
#.#......#.#..#..#
#@...#..######....
#.#.#####).†......
#....#..##########
#........#.#......
#.#...............
#......###########
########


You could see a centaur and a gnoll.

Vanquished Creatures
  An ogre (D:4)
  A scorpion (D:5)
  2 hounds (D:4)
  Natasha (thrice) (D:2)
  An orc wizard (D:4)
  9 adders
  A dart slug (D:1)
  2 ribbon worms
  2 orcs (D:4)
  5 endoplasms
  4 giant cockroaches (D:2)
  5 goblins
  4 hobgoblins
  5 jackals
  3 quokkas
  9 ball pythons
  4 bats
  6 frilled lizards
  5 kobolds
  5 rats
77 creatures vanquished.

Vanquished Creatures (collateral kills)
  An orc (D:4)
1 creature vanquished.

Grand Total: 78 creatures vanquished

Notes
Turn   | Place    | Note
-------+----------+-------------------------------------------
     0 | D:1      | tilp the Vampire Enchanter began the quest for the Orb.
     0 | D:1      | Reached XP level 1. HP: 13/13 MP: 3/3
   260 | D:1      | Reached XP level 2. HP: 7/20 MP: 5/5
   263 | D:1      | Learned a level 2 spell: Ensorcelled Hibernation
   947 | D:2      | Reached skill level 1 in Long Blades
   982 | D:2      | Reached skill level 1 in Fighting
   982 | D:2      | Gained mutation: You are afflicted with vampirism and can
                  | become a bat while bloodless. [Vampire growth]
   982 | D:2      | Reached XP level 3. HP: 11/26 MP: 1/6
   987 | D:2      | Learned a level 3 spell: Confusing Touch
  1192 | D:2      | Noticed Natasha
  1199 | D:2      | Killed Natasha
  1200 | D:2      | Reached skill level 5 in Hexes
  1200 | D:2      | Reached XP level 4. HP: 32/32 MP: 7/7
  1233 | D:2      | Noticed Natasha
  1241 | D:2      | Killed Natasha
  1346 | D:2      | Noticed Natasha
  1350 | D:2      | Killed Natasha
  1351 | D:2      | Reached skill level 5 in Stealth
  1569 | D:2      | Found a faded altar of an unknown god.
  1933 | D:3      | Reached XP level 5. HP: 38/38 MP: 6/8
  2534 | D:4      | Noticed an ogre
  2539 | D:4      | Killed an ogre
  2592 | D:4      | Found a bloodstained altar of Trog.
  2982 | D:4      | Found a stormy altar of Qazlal.
  3014 | D:4      | Learned a level 3 spell: Tukima's Dance
  3174 | D:4      | Found a burning altar of Makhleb.
  3178 | D:4      | Reached XP level 6. HP: 44/44 MP: 9/9
  3494 | D:5      | Entered Level 5 of the Dungeon
  3830 | D:5      | Reached skill level 6 in Hexes
  3922 | D:5      | Reached skill level 1 in Evocations
  3996 | D:5      | Shot with an arrow by a centaur

Illustrated notes

Levels and vault maps discovered:
D:1:      shiori_arrival_maze, layout_basic, nrook_mini_backslash,
          corexii_leaking_fountain, minmay_tetromino_i4
D:2:      layout_basic, shapermc_ecumenical_altar_mp_ritualfount, uniq_natasha
D:3:      layout_basic, zin_treasury
D:4:      layout_loops_ring, mainiacjoe_overflow_cross_hatched, tgw_sif,
          makhleb_blood_cavern_becter, mainiacjoe_overflow_catwalk_spiral
D:5:      layout_basic, mainiacjoe_overflow_surrounded_room,
          nicolae_wu_jian_glorious_leap, minmay_temple_entry_statues_fountains,
          serial_curves, eino_curves_01, eino_curves_02, nicolae_half_adder

Skill      XL: |  1  2  3  4  5  6 |
---------------+-------------------+-----
Long Blades    | 1 2 |  2.8
Fighting       | 1 2 |  2.5
Hexes          | 5 6 |  6.1
Stealth        | 5 |  5.5
Short Blades   | 2 |  2.4
Dodging        | 3 |  3.1
Evocations     | 1 |  1.0
Spellcasting   | |  2.7

Action                     |  1- 3 |  4- 6 || total
---------------------------+-------+-------++-------
  Melee: Dagger            |   105 |   113 ||   218
         Bite              |     9 |     8 ||    17
  Throw: Boomerang         |       |     1 ||     1
   Cast: Ensorcelled Hiber |     4 |    42 ||    46
  Evoke: Wand              |       |     1 ||     1
    Use: Scroll            |     4 |     4 ||     8
   Stab: Sleeping          |     9 |    29 ||    38
 Armour: Robe              |    48 |    41 ||    89
         Leather armour    |       |    37 ||    37
  Dodge: Dodged            |    64 |    84 ||   148

Table legend: (Time is in decaauts)
 A = Elapsed time spent in this place.
 B = Non-inter-level travel time spent in this place.
 C = Inter-level travel time spent in this place.
 D = Time resting spent in this place.
 E = Time spent auto-exploring this place.
 F = Levels seen in this place.
 G = Mean time per level.
                   A        B        C        D        E       F      G
               +--------+--------+--------+--------+--------+-----+--------+
         Total |   3975 |   3846 |    129 |    267 |   2796 |   5 |  795.0 |
       Dungeon |   3975 |   3846 |    129 |    267 |   2796 |   5 |  795.0 |
               +--------+--------+--------+--------+--------+-----+--------+

Top non-repeatable levels by time:
     D:4: 1164 daAuts
     D:3: 860 daAuts
     D:2: 847 daAuts
     D:1: 762 daAuts
     D:5: 340 daAuts
